 Dungeon Crawl Stone Soup version 0.14.1-27-g0f46f74 (webtiles) character file.

3162 Nakilon the Archer (level 9, -6/67 HPs)
             Began as a Centaur Hunter on Aug 5, 2014.
             Was an Initiate of the Shining One.
             Mangled by a komodo dragon (17 damage)
             ... on Level 8 of the Dungeon on Aug 8, 2014.
             The game lasted 04:31:51 (10368 turns).

Nakilon the Archer (Centaur Hunter)                Turns: 10368, Time: 04:31:51

HP  -6/67        AC 11     Str 14      XL: 9   Next: 42%
MP   7/7         EV 10     Int 10      God: the Shining One [......]
Gold 393         SH  0     Dex 16      Spells:  0 memorised,  8 levels left

rFire  . . .     SeeInvis .     a - +4,+1 morningstar (protect)
rCold  . . .     Clarity  .     G - +1 leather armour {rN+}
rNeg   + . .     Conserve .     (no shield)
rPois  .         rCorr    .     (no helmet)
rElec  .         rRot     .     (no cloak)
SustAb . .       Spirit   .     u - +0 pair of gloves
rMut   .         Warding  .     (no barding)
Saprov . . .     Stasis   .     l - amulet of rage
MR     .....                    (no ring)
                                s - +2 ring of dexterity

@: non-regenerating, badly diseased, very quick, not resistant to hostile
enchantments, very unstealthy
A: hooves 3, deformed body, herbivore 1, speed 2, fast metabolism 1, tough skin
3
a: Renounce Religion, Evoke Berserk Rage


You were on level 8 of the Dungeon.
You worshipped the Shining One.
The Shining One was noncommittal.
You were hungry.

You visited 2 branches of the dungeon, and saw 9 of its levels.

You collected 438 gold pieces.
You spent 45 gold pieces at shops.

Inventory:

Hand weapons
 a - a +4,+1 morningstar of protection (weapon)
 b - a +2,+1 bow
Missiles
 c - 16 arrows
 t - 13 bolts of penetration
 I - 12 sling bullets
 K - 5 darts of dispersal (quivered)
 T - 6 tomahawks
 U - 3 exploding darts
Armour
 n - a +2 scale mail of cold resistance
 u - a +0 pair of gloves (worn)
 G - a +1 leather armour of positive energy (worn)
Magical devices
 r - a wand of slowing (8) {unknown}
 E - a wand of teleportation (6)
 R - a wand of fire (11) {unknown}
Comestibles
 f - 4 bread rations
 g - 4 meat rations
 h - 4 chunks of komodo dragon flesh
 H - a beef jerky
 O - a lemon
Scrolls
 v - 6 scrolls of identify
 w - 2 scrolls of amnesia
 y - a scroll of enchant weapon I
 B - 2 scrolls of remove curse
 D - 3 scrolls of enchant weapon II
 F - 3 scrolls of blinking
 J - a scroll of teleportation
 V - a scroll of fear
Jewellery
 l - an amulet of rage (around neck)
 s - a +2 ring of dexterity (left hand)
Potions
 d - 3 potions of flight {unknown}
 i - 7 potions of curing
 j - 2 potions of restore abilities
 k - a potion of agility {unknown}
 m - 3 potions of poison {unknown}
 p - a potion of cure mutation {unknown}
 q - 3 potions of heal wounds
 x - 2 potions of brilliance
 z - 5 potions of might
 A - a potion of degeneration {unknown}
 C - a potion of experience {unknown}
 L - a potion of mutation {unknown}
Books
 M - a book of Summonings

   Spells                             Type                      Level
   Abjuration                         Summoning                    3
   Recall                             Summoning/Translocation      3
   Summon Elemental                   Summoning                    4
   Shadow Creatures                   Summoning                    5
   Summon Demon                       Summoning                    5
   Monstrous Menagerie                Summoning                    6
 N - a book of Ice

   Spells                             Type                      Level
   Freezing Aura                      Charms/Ice                   2
   Metabolic Englaciation             Hexes/Ice                    5
   Ozocubu's Refrigeration            Ice                          6
   Bolt of Cold                       Conjuration/Ice              6
   Freezing Cloud                     Conjuration/Ice/Air          6
   Simulacrum                         Ice/Necromancy               6


   Skills:
 + Level 1.7 Fighting
 + Level 0.8 Maces & Flails
   Level 0.6 Staves
 + Level 13.9 Bows
 + Level 7.2 Throwing
 + Level 2.4 Armour
 + Level 2.4 Dodging
 + Level 1.1 Stealth
 + Level 0.6 Evocations


You had 8 spell levels left.
You didn't know any spells.

Dungeon Overview and Level Annotations

Branches:
Dungeon (8/15)             Temple (0/1) D:7            Lair (1/8) D:8

Altars:
Dithmenos
Fedhas
Nemelex Xobeh
Trog
Xom
Zin
The Shining One

Shops:
D:4 =   D:7 !

Annotations:
D:8 javellines and bolts under lair


Innate Abilities, Weirdness & Mutations

You have hooves in place of feet.
Armour fits poorly on your strangely shaped body.
You digest meat inefficiently.
You cover ground very quickly.
You have a fast metabolism.
You have extremely tough skin (AC +3).


Message History

Your kick misses the komodo dragon.
The komodo dragon is moderately wounded.
The komodo dragon closely misses you.
The komodo dragon bites you but does no damage.
You puncture the komodo dragon!
The komodo dragon is heavily wounded.
The komodo dragon bites you!
You feel ill.
You sock the komodo dragon! Your kick misses the komodo dragon.
The komodo dragon is severely wounded.
The komodo dragon bites you.
You feel ill. The komodo dragon barely misses you.
You are feeling hungry.
You hit the komodo dragon.
The komodo dragon is severely wounded.
The komodo dragon bites you!
* * * LOW HITPOINT WARNING * * *
You feel ill.
You hit the komodo dragon.
The komodo dragon is severely wounded.
The komodo dragon barely misses you. The komodo dragon bites you!
You die...

.#
#.##....f.fPf.....#####...
.# #.##...fPP.fP..P###
###' .#
#.#.P.P.f.P.ff...### #. ##
#).[.PP.......P....# ## #
#...f.fffPP.ffPP)..# #####
# ##....P..ff..ff.)..#
#.... #
#..f..PP.Pff.fP.f.# #....
# #..f.f.PflffP.f...#
#.... #
##f..f.fP@.ff.fPP..###<...
#
#...P..PP.Pf...f.....#....
#
#..fffP.fff.PP.f...#.#....
#
#....PP....fP.P....#......
#
##%..)PPffff.f.Pf#####....
#%#...fff......## #####
#.#.P..fPPf..f.# #
#.##..)...[.P..# #
#%####....f....#### #


You could see a komodo dragon.

Vanquished Creatures
  A komodo dragon (D:8)
  An orc warrior (D:8)
  A black bear (D:8)
  An ice beast (D:6)
  6 ogres
  2 phantoms
  A centaur (D:8)
  A gnoll sergeant (D:8)
  3 giant frogs
  A hippogriff zombie (D:7)
  2 scorpions
  A jelly (D:6)
  5 wights (D:7)
  A goliath beetle (D:6)
  A crimson imp (D:8)
  2 orc priests (D:6)
  Crazy Yiuf (D:3)
  2 hounds
  5 orc wizards
  A worker ant (D:6)
  An iguana (D:4)
  A killer bee zombie (D:6)
  Terence (D:2)
  A hound skeleton (D:5)
  10 gnolls
  11 adders
  2 green rats (D:8)
  3 shadow imps (D:5)
  2 worms (D:4)
  An orc skeleton (D:7)
  2 giant eyeballs
  5 giant geckos
  16 orcs
  6 giant cockroaches
  A gnoll zombie (D:7)
  17 hobgoblins
  2 jackals (D:2)
  14 kobolds
  14 bats
  A giant gecko skeleton (D:6)
  A giant gecko zombie (D:6)
  6 giant newts
  12 goblins
  11 rats
180 creatures vanquished.

Vanquished Creatures (others)
  An orc wizard (D:3)
  4 fungi (D:8)
  3 plants (D:8)
8 creatures vanquished.

Grand Total: 188 creatures vanquished

Notes
Turn   | Place    | Note
--------------------------------------------------------------
     0 | D:1      | Nakilon, the Centaur Hunter, began the quest for the Orb.
     0 | D:1      | Reached XP level 1. HP: 16/16 MP: 1/1
   600 | D:1      | Reached XP level 2. HP: 23/23 MP: 2/2
   625 | D:1      | Reached skill level 6 in Bows
  1059 | D:1      | Reached skill level 1 in Throwing
  1578 | D:1      | Reached XP level 3. HP: 28/28 MP: 3/3
  2134 | D:2      | Reached XP level 4. HP: 35/35 MP: 3/3
  2583 | D:2      | Reached skill level 7 in Bows
  3025 | D:3      | Noticed Terence
  3127 | D:2      | Killed Terence
  3127 | D:2      | Reached XP level 5. HP: 36/40 MP: 4/4
  3197 | D:3      | Found a shadowy altar of Dithmenos.
  3705 | D:3      | Noticed Crazy Yiuf
  3721 | D:3      | Killed Crazy Yiuf
  3876 | D:3      | Reached skill level 8 in Bows
  3899 | D:3      | Reached skill level 1 in Armour
  4251 | D:3      | Reached XP level 6. HP: 36/47 MP: 5/5
  4313 | D:3      | Found a bloodstained altar of Trog.
  4865 | D:4      | Reached skill level 9 in Bows
  5030 | D:4      | Paralysed by a giant eyeball for 4 turns
  5037 | D:4      | Reached XP level 7. HP: 52/52 MP: 5/5
  5196 | D:4      | Found Hyogam's Jewellery Emporium.
  5220 | D:5      | Entered Level 5 of the Dungeon
  5439 | D:5      | Reached skill level 10 in Bows
  5725 | D:5      | Paralysed by a giant eyeball for 4 turns
  5732 | D:5      | Paralysed by a giant eyeball for 4 turns
  6431 | D:6      | Found a blossoming altar of Fedhas.
  6594 | D:6      | Reached skill level 5 in Throwing
  7326 | D:6      | Reached XP level 8. HP: 59/59 MP: 6/6
  7372 | D:7      | Found a sparkling altar of Nemelex Xobeh.
  7437 | D:6      | Reached skill level 11 in Bows
  8261 | D:7      | Reached skill level 1 in Stealth
  8323 | D:7      | Found Quakuaz's Distillery.
  8407 | D:7      | Bought a potion of restore abilities for 45 gold pieces
  8561 | D:7      | Reached skill level 12 in Bows
  8688 | D:7      | Found a glowing golden altar of the Shining One.
  8695 | D:7      | Became a worshipper of the Shining One
  8758 | D:7      | Found a staircase to the Ecumenical Temple.
  9249 | D:8      | Reached XP level 9. HP: 67/67 MP: 7/7
  9512 | D:8      | Found a glowing silver altar of Zin.
  9516 | D:8      | Noticed an angel
  9524 | D:8      | Found a shimmering altar of Xom.
  9639 | D:8      | Reached skill level 13 in Bows
  9914 | D:8      | Found a staircase to the Lair.
 10263 | Lair:1   | Entered Level 1 of the Lair of Beasts
 10368 | D:8      | Mangled by a komodo dragon

Action                   |  1- 3 |  4- 6 |  7- 9 || total
-------------------------+-------+-------+-------++-------
Melee: Dagger            |     5 |     8 |       ||    13
       Morningstar       |       |       |    36 ||    36
       Quarterstaff      |       |       |     3 ||     3
 Fire: Bow               |    59 |   136 |   238 ||   433
       Blowgun           |       |       |    15 ||    15
Throw: Dart              |    36 |       |     5 ||    41
       Stone             |    54 |    13 |    50 ||   117
       Javelin           |       |    14 |    25 ||    39
       Tomahawk          |       |       |     9 ||     9
Evoke: Wand              |       |       |     1 ||     1
  Use: Scroll            |     4 |     5 |     3 ||    12
       Potion            |     1 |     2 |     1 ||     4
